 Dungeon Crawl Stone Soup version 0.30.0-15-g856e2d3f33 (webtiles) character file.

Game seed: 11714104660161936871

348 Twinkles the Ducker (level 6, -16/51 HPs)
             Began as a Demigod Enchanter on May 17, 2023.
             Demolished by an ogre
             ... wielding a +0 giant spiked club
              (25 damage)
             ... on level 6 of the Dungeon on May 19, 2023.
             The game lasted 00:11:17 (3695 turns).

Twinkles the Ducker (Demigod Enchanter)             Turns: 3695, Time: 00:11:18

Health: -16/51     AC: 10    Str:  9    XL:     6   Next: 10%
Magic:  11/11      EV: 11    Int: 25    God:
Gold:   194        SH:  0    Dex: 14    Spells: 8/8 levels left

rFire   . . .        a - +1 dagger
rCold   . . .        (no shield)
rNeg    . . .        p - +3 ring mail
rPois   .            m - +0 helmet
rElec   .            (no cloak)
rCorr   .            o - +0 pair of gloves
SInv    .            (no boots)
Will    .....        (no amulet)
Stlth   +            (no ring)
HPRegen 0.28/turn    (no ring)
MPRegen 0.12/turn

%: no passive effects
@: no status effects
A: high MP 1, forlorn, divine attributes
a: no special abilities


You were on level 6 of the Dungeon.
You visited 1 branch of the dungeon, and saw 6 of its levels.

You collected 194 gold pieces.

Inventory:

Hand Weapons
 a - a +1 dagger (weapon)
Armour
 b - a +0 robe
 g - a +0 leather armour
 m - a +0 helmet (worn)
 o - a +0 pair of gloves (worn)
 p - a +3 ring mail (worn)
Scrolls
 e - 5 scrolls of identify {unknown}
 i - 3 scrolls of teleportation {unknown}
 l - a scroll of brand weapon {unknown}
 n - a scroll of immolation
 q - a scroll of fear {unknown}
 r - a scroll of noise {unknown}
Potions
 c - a potion of heal wounds {unknown}
 d - a potion of brilliance {unknown}
 h - a potion of might {unknown}
 j - 2 potions of attraction {unknown}
 k - 2 potions of degeneration {unknown}
 I - 4 potions of invisibility
 J - 2 potions of curing


   Skills:
 + Level 3.1 Fighting
 + Level 3.3 Short Blades
 + Level 3.8 Dodging
 - Level 2.6 Stealth
 - Level 1.7 Spellcasting
 - Level 2.6 Hexes


You had 8 spell levels left.
You didn't know any spells.
Your spell library contained the following spells:

 Spells                   Type           Power      Damage    Failure   Level
 Ensorcelled Hibernation  Hex/Ice        16%        N/A       28%         2
 Confusing Touch          Hex            15%        N/A       32%         3
 Tukima's Dance           Hex            15%        N/A       32%         3
 Cigotuvi's Dreadful Rot  Necr/Pois/Air  4%         N/A       43%         2
 Dazzling Flash           Conj/Hex       16%        N/A       50%         3
 Dispel Undead            Necr           2%         3d7       97%         4
 Death Channel            Necr           1%         N/A       100%        6


Dungeon Overview and Level Annotations

Branches:
Dungeon (6/15) Zot: 26980
 Temple: D:4-7

Annotations:
D:4 1 runed translucent door, booth's ghost, amateur DsRe


Innate Abilities, Weirdness & Mutations

You have an increased reservoir of magic. (+10% MP)
You shall have no god before yourself.
Your divine heritage dramatically boosts your attributes as you level up.


Message History

The ogre is lightly wounded.
The orc barely misses you. The ogre barely misses you.
You completely miss the ogre.
The ogre is lightly wounded.
The orc closely misses you.
You barely miss the ogre.
The ogre is lightly wounded.
The ogre misses you. The orc misses you.
You hit the ogre.
The ogre is lightly wounded.
The orc closely misses you. The ogre misses you.
You hit the ogre.
The ogre is moderately wounded.
The orc barely misses you.
You hit the ogre. You punch the ogre.
The ogre is heavily wounded.
The ogre barely misses you. The orc barely misses you.
You closely miss the ogre.
The ogre is heavily wounded.
You barely miss the ogre.
The ogre is heavily wounded.
The orc hits you but does no damage.
The ogre hits you with a +0 giant spiked club!
* * * LOW HITPOINT WARNING * * *
You hit the ogre.
The ogre is heavily wounded.
The orc hits you but does no damage.
You hit the ogre.
The ogre is severely wounded.
The ogre closely misses you. The orc completely misses you.
You hit the ogre.
The ogre is severely wounded.
The orc misses you. The ogre barely misses you.
You barely miss the ogre.
The ogre is severely wounded.
The orc hits you but does no damage.
You hit the ogre.
The ogre is severely wounded.
The ogre hits you with a +0 giant spiked club!!
You die...

(. ... ... ..
#..## .. ....!
.# ...... .# #
. #...##.#.#...
###..Oo......#
#....)@......#
.........####..
#.....#.##
###...### #..
###


You could see an ogre and an orc.

Vanquished Creatures
  An ogre (D:6)
  A scorpion (D:4)
  A hound (D:3)
  An orc priest (D:3)
  Robin (D:4)
  2 gnolls
  3 adders
  2 worms (D:2)
  3 dart slugs
  4 orcs
  5 ball pythons
  3 endoplasms
  4 giant cockroaches
  17 goblins
  4 hobgoblins
  2 jackals (D:4)
  2 quokkas
  5 bats
  3 frilled lizards
  5 kobolds
  4 rats
73 creatures vanquished.

Notes
Turn   | Place    | Note
-------+----------+-------------------------------------------
     0 | D:1      | Twinkles the Demigod Enchanter began the quest for the Orb.
     0 | D:1      | Reached XP level 1. HP: 14/14 MP: 5/5
    37 | D:1      | Reached skill level 1 in Short Blades
   239 | D:1      | Reached XP level 2. HP: 22/22 MP: 7/7
   403 | D:1      | Reached skill level 1 in Fighting
   987 | D:2      | Reached XP level 3. HP: 15/28 MP: 8/8
  1967 | D:4      | Noticed Robin
  2002 | D:3      | HP: 10/29 [goblin/+0 club[Robin] (2)]
  2007 | D:3      | HP: 7/29 [goblin/+0 club[Robin] (4)]
  2202 | D:4      | Killed Robin
  2203 | D:4      | Reached XP level 4. HP: 24/36 MP: 9/9
  2281 | D:3      | HP: 12/36 [hound (4)]
  2670 | D:4      | Found a runed translucent door.
  2744 | D:4      | Reached XP level 5. HP: 21/42 MP: 10/10
  2757 | D:4      | HP: 14/42 [poisoned by an adder]
  2947 | D:2      | HP: 10/42 [gnoll/+0 club[a gnoll bouda] (6)]
  3302 | D:4      | Noticed booth's ghost (amateur DsRe)
  3335 | D:4      | HP: 14/44 [gnoll/+0 halberd[a gnoll bouda] (11)]
  3527 | D:5      | Entered Level 5 of the Dungeon
  3552 | D:5      | Noticed an ogre
  3556 | D:4      | Upgraded the game from 0.30.0-13-g156ef70053 to
                  | 0.30.0-15-g856e2d3f33
  3673 | D:6      | Noticed an ogre
  3681 | D:6      | Killed an ogre
  3681 | D:6      | HP: 12/44 [ogre/+0 giant spiked club (18)]
  3682 | D:6      | Reached XP level 6. HP: 14/51 MP: 11/11
  3690 | D:6      | HP: 8/51 [ogre/+0 giant spiked club (9)]
  3695 | D:6      | Demolished by an ogre

Illustrated notes

Levels and vault maps discovered:
D:1:      minmay_arrival_checkered_box, layout_basic
D:2:      minmay_general_purpose_star, layout_basic
D:3:      layout_rooms, mainiacjoe_overflow_alcove_4, nzn_wu_jian_contemplation
D:4:      layout_cave_pools, ebering_ghost_inner_flame, uniq_robin
D:5:      layout_loops_ring, mainiacjoe_overflow_24_doors,
          mainiacjoe_overflow_paths, uniq_duvessa
D:6:      layout_cave_pools, grunt_dithmenos_smoke, serial_column_ruins,
          column_ruins_open_small, column_ruins_open_tiny,
          column_ruins_columns_corner, column_ruins_grid_1,
          column_ruins_open_tiny, grunt_ministairs_7, kennysheep_path_1,
          uniq_grinder

Skill      XL: |  1  2  3  4  5 |
---------------+----------------+-----
Short Blades   | 1 2 3 |  3.3
Dodging        | 2 3 |  3.8
Fighting       | 1 2 3 |  3.1
Stealth        | |  2.6
Spellcasting   | |  1.7
Hexes          | |  2.6

Action                     |  1- 3 |  4- 6 || total
---------------------------+-------+-------++-------
  Melee: Dagger            |   186 |   168 ||   354
         Punch             |     3 |     3 ||     6
  Throw: Throwing net      |       |     2 ||     2
    Use: Potion            |       |     1 ||     1
   Stab: Sleeping          |    17 |     2 ||    19
         Distracted        |     1 |       ||     1
         Held in net/web   |       |     1 ||     1
 Armour: Robe              |     7 |       ||     7
         Leather armour    |    38 |    18 ||    56
         Ring mail         |       |    46 ||    46
  Dodge: Dodged            |    97 |    86 ||   183
